 Dungeon Crawl Stone Soup version 0.30-a0-737-gf23d94013f (webtiles) character file.

Game seed: 15830456399650623906

3911 Flugkiller the Nimble (level 10, -2/64 (68) HPs)
             Began as an Octopode Monk on Feb 1, 2023.
             Was an Elder of Cheibriados.
             Slain by a wight
             ... wielding a +4 battleaxe
              (19 damage)
             ... on level 9 of the Dungeon.
             The game lasted 00:10:07 (8064 turns).

Flugkiller the Nimble (Octopode Monk)               Turns: 8064, Time: 00:10:07

HP:   -2/64 (68)    AC:  6    Str: 19    XL:     10   Next: 20%
MP:   11/13         EV: 31    Int: 24    God:    Cheibriados [****..]
Gold: 394           SH:  0    Dex: 31    Spells: 5/11 levels left

rFire   . . .      SeeInvis .      - Unarmed
rCold   . . .      Faith    .    (shield currently unavailable)
rNeg    + . .      Spirit   .    (helmet currently unavailable)
rPois   x          Reflect  .    (no amulet)
rElec   .          Harm     .    j - ring of positive energy
rCorr   .          Rampage  .    p - +4 ring of protection
Will    .....                    (no ring)
Stlth   ++++                     (no ring)
HPRegen 0.30/turn                (no ring)
MPRegen 0.13/turn                (no ring)
                                 (no ring)
                                 (no ring)

@: spider-form, drained, very slow
A: venomous fangs, almost no armour, (amphibious), 8 rings, tiny, (camouflage
1), (gelatinous body 1), (nimble swimmer 1), (tentacles)
a: End Transformation, Renounce Religion, Bend Time, Temporal Distortion, Slouch


You were on level 9 of the Dungeon.
You worshipped Cheibriados.
Cheibriados was greatly pleased with you.
You were a venomous arachnid creature.
You visited 1 branch of the dungeon, and saw 9 of its levels.
You also visited: Sewer.

You collected 435 gold pieces.
You spent 41 gold pieces at shops.

Inventory:

Hand Weapons
 m - the +6 sling "Qiulut" {freeze, rElec Int+6}
   (You found it on level 7 of the Dungeon)

   Int:       It affects your intelligence (+6).
   rElec:     It insulates you from electricity.
 E - the +6 dagger of Ignis's Reproof {heavy, rElec MP+9 Int+2 Dex+3}
   (You found it on level 7 of the Dungeon)

   Int:       It affects your intelligence (+2).
   Dex:       It affects your dexterity (+3).
   rElec:     It insulates you from electricity.
   MP:        It affects your magic capacity (+9).
Armour
 C - a +0 buckler
   (You found it on level 5 of the Dungeon)
Jewellery
 j - a ring of positive energy (left front pincers)
   (You found it on level 1 of the Dungeon)
 p - a +4 ring of protection (right front pincers)
   (You found it on level 5 of the Dungeon)
Wands
 l - a wand of light (12)
   (You found it on level 8 of the Dungeon)
 y - a wand of mindburst (19)
   (You found it on level 5 of the Dungeon)
 F - a wand of flame (24)
   (You found it on level 8 of the Dungeon)
Scrolls
 b - 2 scrolls of magic mapping
 e - a scroll of poison {unknown}
 g - a scroll of fog {unknown}
 h - a scroll of immolation {unknown}
 i - 4 scrolls of fear
 k - a scroll of silence {unknown}
 q - a scroll of enchant armour {unknown}
 r - a scroll of amnesia {unknown}
 t - 4 scrolls of teleportation
 v - a scroll of butterflies {unknown}
 z - 2 scrolls of blinking
 B - a scroll of vulnerability {unknown}
Potions
 a - 3 potions of ambrosia
 c - a potion of curing {unknown}
 d - 5 potions of might
 f - 4 potions of heal wounds {unknown}
 n - 2 potions of resistance
 o - a potion of cancellation {unknown}
 s - 4 potions of brilliance
 u - 5 potions of attraction
 w - 2 potions of lignification {unknown}
 x - 2 potions of berserk rage {unknown}
 A - 2 potions of flight
 D - a potion of degeneration {unknown}


   Skills:
 + Level 6.2 Fighting
 + Level 8.1 Dodging
 - Level 4.0 Stealth
 + Level 7.2 Unarmed Combat
 - Level 1.0 Spellcasting
 - Level 5.0 Transmutations
 - Level 3.0 Poison Magic
 - Level 5.0 Invocations
 - Level 4.0 Evocations


You had 5 spell levels left.
You knew the following spells:

 Your Spells              Type           Power      Damage    Failure   Level
a - Beastly Appendage     Tmut           50%        N/A       7%          1
b - Wereblood             Tmut           25%        N/A       10%         2
c - Spider Form           Tmut/Pois      20%        N/A       21%         3

Your spell library contained the following spells:

 Spells                   Type           Power      Damage    Failure   Level
 Ignite Poison            Fire/Tmut/Pois 13%        N/A       32%         3
 Blink                    Tloc           2%         N/A       41%         2
 Lesser Beckoning         Tloc           2%         N/A       41%         2
 Momentum Strike          Conj/Tloc      2%         3d8       41%         2
 Kindle Blastsparks       Fire/Tloc/Air  2%         2d10      58%         3
 Fulminant Prism          Conj/Hex       0%         3d5       91%         4
 Iskenderun's Mystic Bla  Conj/Tloc      1%         2d3       91%         4
 Manifold Assault         Tloc           1%         N/A       91%         4
 Freezing Cloud           Conj/Ice/Air   0%         6-21      99%         5
 Lee's Rapid Deconstruct  Erth           0%         3d4*      99%         5
 Storm Form               Tmut/Air       6%         N/A       100%        7


Dungeon Overview and Level Annotations

Branches:
Dungeon (9/15) Zot: 40249  Temple (0/1) D:6           Sewer (visited)
   Lair: D:8-11         Orc: D:9-12

Altars:
Cheibriados
Gozag
Hepliaklqana
Kikubaaqudgha
Makhleb
Sif Muna
Uskayaw
Xom
Yredelemnul

Shops:
D:1 *

Annotations:
D:5 3 runed translucent doors, DEFE's ghost, novice DsWn; Dowan; Duvessa


Innate Abilities, Weirdness & Mutations

You are a venomous arachnid creature.
You have venomous fangs.
You are tiny and dextrous.
Your spellcasting is less reliable in this form.
Your armour is entirely melded.
You are incapable of wielding weapons or throwing items.
You cannot wear most types of armour.
((You are amphibious.))
You can wear up to eight rings at the same time.
((Your skin changes colour to match your surroundings (Stealth+).))
((Your rubbery body absorbs attacks. (AC +1, EV +1)))
((You are camouflaged when in or above water. (Stealth+)))
((You have tentacles for arms and can constrict up to eight enemies at once.))


Message History

You start resting.
You feel sick. x8
You are no longer poisoned.
You start resting.
Magic restored.
You start resting.
Your transformation is almost over.
Your transformation has ended.
Okay, then.
There is a stone staircase leading down here.
You start resting.
HP restored.
Casting: Spider Form (dangerous; 9% risk of failure)
Confirm with . or Enter, or press ? or * to list all spells.
You turn into a venomous arachnid creature.
You climb downwards.
The gnoll misses you. The gnoll completely misses you.
The gnoll bouda barks out a call to the hunt!
The gnolls pick up the pace!
The wight completely misses you.
A wyvern comes into view.
The gnoll completely misses you. The gnoll hits you but does no damage.
There is a stone staircase leading up, spattered with blood here.
Unknown command.
The wight completely misses you. The gnoll completely misses you.
The gnoll hits you with a +0 spear. The gnoll misses you.
You climb upwards.
There is a stone staircase leading down here.
You bite the wight!
You destroy the wight!
Cheibriados appreciates the change of pace.
You can now inflict damage on those overly hasty.
Cheibriados raises the support of your attributes as your movement slows.
The gnoll completely misses you.
You hit the gnoll.
The gnoll is poisoned.
The gnoll is moderately wounded.
The gnoll hits you with a +0 flail!
You bite the gnoll!
You kill the gnoll!
Cheibriados appreciates the change of pace.
The gnoll barely misses you.
You bite the gnoll!
The gnoll is poisoned.
The gnoll is severely wounded.
The gnoll misses you.
You hit the gnoll but do no damage.
The gnoll is almost dead.
The gnoll hits you but does no damage.
You hit the gnoll.
You kill the gnoll!
Cheibriados appreciates the change of pace.
No target in view!
Things that are here:
a +0 spear; a gnoll corpse Your transformation is almost over.
There is a stone staircase leading down here.
You start resting.
Magic restored.
You start resting.
Your transformation has ended.
Unknown command.
Casting: Spider Form (dangerous; 8% risk of failure)
Confirm with . or Enter, or press ? or * to list all spells.
You turn into a venomous arachnid creature.
You climb downwards.
The gnoll completely misses you. The gnoll barely misses you.
There is a stone staircase leading up, spattered with blood here.
You bite the gnoll bouda!
The gnoll bouda is poisoned.
The gnoll bouda is moderately wounded.
The gnoll bouda barely misses you. The gnoll completely misses you.
The gnoll barely misses you.
The howler monkey completely misses you.
You hit the gnoll bouda.
The gnoll bouda looks even sicker.
The gnoll bouda is heavily wounded.
The gnoll bouda completely misses you. The wight completely misses you.
The howler monkey hoots and howls with incredible vigour!
The gnoll completely misses you.
The gnoll hits you from afar with a +0 spear.
You hear an angry hiss.
You hear an angry buzzing noise.
You hear a shout!
You hear an angry buzzing noise.
You hear a roar!
You hear a shout!
You hear an angry buzzing noise. x2; You hear a shout!
You hear an angry hiss.
You hit the gnoll bouda but do no damage.
The gnoll bouda is heavily wounded.
The howler monkey hits you.
You bite the gnoll bouda!
The gnoll bouda is almost dead.
The gnoll bouda mumbles some strange prayers to its god.
The gnoll bouda is healed somewhat.
The wight hits you with a +4 battleaxe!!
You partially resist.
You feel drained. The gnoll barely misses you. The gnoll completely misses you.
The howler monkey completely misses you.
You are too injured to fight recklessly!
You are too injured to fight recklessly!
You bite the gnoll bouda!
You kill the gnoll bouda!
Cheibriados appreciates the change of pace.
The wight hits you with a +4 battleaxe! You partially resist.
You feel drained. The gnoll completely misses you.
The gnoll hits you from afar with a +0 spear.
* * * LOW HITPOINT WARNING * * *
The howler monkey completely misses you.
The wight hits you with a +4 battleaxe!!
You die...

.?. . ... ..
.>.. ... .....
..#.#.## ##...
......## ...
...#?.g##$#
....#..hs.#
#......z)...$#
#.....g.##......
##....##. #.####
#.<....## ..#
#†####.# ... #h
#.# .. .. ...


You could see a howler monkey, a wight and 2 gnolls.

Vanquished Creatures
  Pikel (D:7)
  A hornet (D:8)
  Prince Ribbit (D:8)
  A wyvern (D:7)
  2 steam dragons
  Edmund (D:4)
  3 water moccasins
  2 orc warriors (D:8)
  A sky beast (D:8)
  A black bear (D:8)
  An ice beast (D:7)
  2 ogres
  2 kobold brigands (Sewer)
  2 bullfrogs
  2 scorpions
  A gnoll sergeant (D:5)
  7 wights
  2 howler monkeys
  3 hounds
  3 orc priests
  A jelly (D:8)
  2 gnoll boudas
  2 iguanas (D:5)
  4 orc wizards
  8 gnolls
  4 river rats
  8 adders
  2 shadow imps (D:6)
  A white imp (D:6)
  An ufetubus (D:7)
  8 worms
  A dart slug (D:3)
  17 orcs
  7 ball pythons
  9 bats
  9 endoplasms
  3 giant cockroaches
  6 goblins
  12 hobgoblins
  11 jackals
  4 quokkas
  9 frilled lizards
  8 kobolds
  9 rats
  A spectral orc (D:4)
186 creatures vanquished.

Vanquished Creatures (others)
  An orc (D:3)
  A hobgoblin (D:3)
  8 plants (Sewer)
10 creatures vanquished.

Grand Total: 196 creatures vanquished

Notes
Turn   | Place    | Note
-------+----------+-------------------------------------------
     0 | D:1      | Flugkiller the Octopode Monk began the quest for the Orb.
     0 | D:1      | Reached XP level 1. HP: 16/16 MP: 1/1
   173 | D:1      | Reached XP level 2. HP: 7/21 MP: 2/2
   564 | D:1      | Found Qoroc's Assorted Antiques.
   799 | D:1      | Reached XP level 3. HP: 26/26 MP: 3/3
   879 | D:1      | Learned a level 1 spell: Beastly Appendage
  1584 | D:2      | Reached XP level 4. HP: 33/33 MP: 4/4
  1909 | D:3      | Reached skill level 1 in Transmutations
  1918 | D:3      | Reached skill level 1 in Spellcasting
  1981 | D:3      | Found a glowing drain.
  1991 | Sewer    | Entered a sewer
  2021 | Sewer    | Noticed a kobold brigand
  2028 | Sewer    | Killed a kobold brigand
  2029 | Sewer    | Reached XP level 5. HP: 28/38 MP: 6/6
  2069 | Sewer    | Learned a level 2 spell: Wereblood
  2073 | Sewer    | Learned a level 3 spell: Spider Form
  2098 | Sewer    | Noticed a kobold brigand
  2101 | Sewer    | Reached skill level 5 in Fighting
  2249 | Sewer    | Killed a kobold brigand
  2250 | Sewer    | Reached XP level 6. HP: 39/45 MP: 7/7
  2789 | D:3      | Found a hide-covered altar of Uskayaw.
  2895 | D:3      | Found a shimmering altar of Xom.
  3321 | D:1      | Bought 2 puce potions for 41 gold pieces
  3473 | D:4      | Noticed Edmund
  3481 | D:4      | Found a basalt altar of Yredelemnul.
  3503 | D:4      | Killed Edmund
  3504 | D:4      | Reached XP level 7. HP: 50/50 MP: 8/8
  3825 | D:4      | Found an opulent altar of Gozag.
  3890 | D:4      | Found a snail-covered altar of Cheibriados.
  4056 | D:4      | Became a worshipper of Cheibriados the Contemplative
  4056 | D:4      | Reached * piety under Cheibriados
  4056 | D:4      | Reached ** piety under Cheibriados
  4153 | D:5      | Entered Level 5 of the Dungeon
  4174 | D:5      | Noticed Duvessa
  4185 | D:5      | Noticed DEFE's ghost (novice DsWn)
  4223 | D:5      | Reached skill level 5 in Transmutations
  4418 | D:5      | Reached skill level 4 in Dodging
  4449 | D:5      | Found a runed translucent gate.
  4449 | D:5      | Found a runed translucent gate.
  4449 | D:5      | Found a runed translucent gate.
  4487 | D:5      | Reached XP level 8. HP: 55/55 MP: 7/9
  4796 | D:5      | Noticed Dowan
  5059 | D:5      | Reached skill level 5 in Dodging
  5059 | D:5      | Reached skill level 5 in Unarmed Combat
  5237 | D:6      | Found a staircase to the Ecumenical Temple.
  5606 | D:6      | Reached skill level 1 in Invocations
  5606 | D:6      | Reached skill level 1 in Evocations
  5847 | D:7      | Identified the +6 dagger of Ignis's Reproof {heavy, rElec
                  | MP+9 Int+2 Dex+3}
  6043 | D:7      | Noticed Pikel
  6057 | D:7      | Killed Pikel
  6058 | D:7      | Reached XP level 9. HP: 22/61 MP: 1/12
  6327 | D:7      | Reached *** piety under Cheibriados
  6328 | D:7      | Reached skill level 5 in Invocations
  6713 | D:7      | Identified the +6 sling "Qiulut" {freeze, rElec Int+6}
  6727 | D:7      | Reached skill level 6 in Dodging
  7438 | D:8      | Noticed Prince Ribbit
  7444 | D:8      | Killed Prince Ribbit
  7445 | D:8      | Reached skill level 7 in Dodging
  7474 | D:8      | Reached XP level 10. HP: 57/68 MP: 10/13
  7525 | D:8      | Found an ancient bone altar of Kikubaaqudgha.
  7525 | D:8      | Found a hazy altar of Hepliaklqana.
  7527 | D:8      | Found a shimmering blue altar of Sif Muna.
  7527 | D:8      | Found a burning altar of Makhleb.
  7715 | D:8      | Reached skill level 8 in Dodging
  8039 | D:8      | Reached **** piety under Cheibriados
  8064 | D:9      | Slain by a wight

Illustrated notes

Levels and vault maps discovered:
D:1:      amcnicky_arrival_abandoned_market, layout_loops_corners, serial_shops,
          nicolae_lakefront_shop, item_on_display_a
D:2:      layout_loops_cross
D:3:      kennysheep_six_static_rooms, layout_rooms, xom_confusion_cloud,
          mainiacjoe_overflow_catwalk, lightli_sewer_entry_pipes
D:4:      layout_basic, yredelemnul_forgotten_temple_becter,
          mainiacjoe_overflow_cross_hatched,
          nicolae_gozag_cash_rules_everything_around_me, uniq_edmund
D:5:      layout_basic, gammafunk_ghost_icy, uniq_duvessa
D:6:      layout_loops_ring, minmay_temple_entry_poolview,
          corexii_item_surrounded_by_moat
D:7:      layout_loops_corners, st_stairs_8, uniq_pikel
D:8:      layout_basic, chequers_temple_overflow_statue_of_worship,
          uniq_prince_ribbit1
D:9:      layout_rooms

Skill      XL: |  1  2  3  4  5  6  7  8  9 10 |
---------------+-------------------------------+-----
Stealth        | 3 4 |  4.0
Fighting       | 4 5 6 |  6.2
Transmutations | 2 4 5 |  5.0
Spellcasting   | 1 |  1.0
Poison Magic   | 2 3 |  3.0
Dodging        | 4 5 7 8 |  8.1
Unarmed Combat | 4 5 7 |  7.2
Invocations    | 4 5 |  5.0
Evocations     | 4 |  4.0

Action                     |  1- 3 |  4- 6 |  7- 9 | 10-12 || total
---------------------------+-------+-------+-------+-------++-------
  Melee: Unarmed           |    65 |       |   232 |    42 ||   339
         Constrict         |    19 |    39 |    17 |       ||    75
         Tentacles         |    13 |    32 |    16 |       ||    61
         Punch             |     6 |     8 |     1 |       ||    15
         Dagger            |    11 |   136 |    20 |       ||   167
         Kick              |       |       |     5 |       ||     5
  Throw: Dart              |       |     1 |       |     1 ||     2
   Cast: Spider Form       |       |       |    22 |     6 ||    28
         Beastly Appendage |       |       |     3 |       ||     3
 Invoke: Bend Time         |       |       |     1 |       ||     1
    Use: Scroll            |       |     4 |     5 |       ||     9
         Potion            |       |       |     1 |       ||     1
   Stab: Sleeping          |    17 |    22 |     9 |       ||    48
 Armour: Skin              |     8 |     2 |    33 |     5 ||    48
  Dodge: Dodged            |    42 |    64 |   206 |    53 ||   365

Table legend: (Time is in decaauts)
 A = Elapsed time spent in this place.
 B = Non-inter-level travel time spent in this place.
 C = Inter-level travel time spent in this place.
 D = Time resting spent in this place.
 E = Time spent auto-exploring this place.
 F = Levels seen in this place.
 G = Mean time per level.
                   A        B        C        D        E       F      G
               +--------+--------+--------+--------+--------+-----+--------+
         Total |   9527 |   8976 |    551 |   1227 |   6068 |  10 |  952.7 |
       Dungeon |   8920 |   8369 |    551 |   1082 |   5796 |   9 |  991.1 |
         Sewer |    607 |    607 |      0 |    145 |    272 |   1 |  607.0 |
               +--------+--------+--------+--------+--------+-----+--------+

Top non-repeatable levels by time:
     D:7: 1786 daAuts
     D:8: 1288 daAuts
     D:1: 1191 daAuts
     D:5: 1156 daAuts
     D:6: 1142 daAuts
     D:3: 798 daAuts
     D:2: 779 daAuts
     D:4: 759 daAuts
   Sewer: 607 daAuts
     D:9: 18 daAuts
